 Dungeon Crawl Stone Soup version 0.19.0-1-g5985abe (webtiles) character file.

213790 lorenzova the Eclecticist (level 18, -38/85 HPs)
             Began as a Deep Elf Conjurer on Nov 2, 2016.
             Was the Champion of Vehumet.
             Killed from afar by a deep elf sorcerer (52 damage)
             ... with damnation
             ... on level 3 of the Elven Halls.
             The game lasted 02:29:46 (44640 turns).

lorenzova the Eclecticist (Deep Elf Conjurer)      Turns: 44640, Time: 02:29:46

Health: -38/85     AC: 21    Str:  5    XL:     18   Next: 28%
Magic:  45/59      EV: 14    Int: 31    God:    Vehumet [******]
Gold:   714        SH:  7    Dex: 18    Spells: 11 memorised, 5 levels left

rFire  . . .     SeeInvis .     t - staff of power
rCold  . . .     Gourm    +     H - +2 leather armour of Equov {+Inv rC- MR+++ Str-5}
rNeg   + . .     Faith    .     C - +2 buckler {AC+3}
rPois  +         Spirit   .     G - +1 helmet "Xuetwun" {rPois Int+2 Dex+3}
rElec  +         Reflect  .     W - +2 cloak
rCorr  +         Harm     .     p - +2 pair of gloves of Royalty {*Slow rElec Regen+ rCorr Stlth+}
MR     ++++.                    E - +2 pair of boots {run}
Stlth  ++++......               P - amulet of the gourmand
                                L - ring of protection from magic
                                f - ring "Pihux" {rElec rC+ rN+ MR- Str+5}

@: lethally poisoned (-38 -> -39), deflect missiles, drained, quick
A: no striking features
a: Renounce Religion, Evoke Invisibility
}: 1/15 runes: decaying


You were on level 3 of the Elven Halls.
You worshipped Vehumet.
Vehumet was exalted by your worship.
You were completely stuffed.

You visited 6 branches of the dungeon, and saw 31 of its levels.
You also visited: Labyrinth, Sewer and Ossuary.

You collected 3080 gold pieces.
You spent 2366 gold pieces at shops.

Inventory:

Armour
 p - the +2 pair of gloves of Royalty (worn) {*Slow rElec Regen+ rCorr Stlth+}
   (You bought it in a shop on level 2 of the Orcish Mines)

   It insulates you from electricity.
   It increases your rate of regeneration.
   It protects you from acid and corrosion.
   It may slow you when you take damage.
   It makes you more stealthy.
 C - a +2 buckler of protection (worn)
 E - a +2 pair of boots of running (worn)
 G - the +1 helmet "Xuetwun" (worn) {rPois Int+2 Dex+3}
   (You found it in a labyrinth)

   It affects your intelligence (+2).
   It affects your dexterity (+3).
   It protects you from poison.
 H - the +2 leather armour of Equov (worn) {+Inv rC- MR+++ Str-5}
   (You found it in a labyrinth)

   It affects your strength (-5).
   It makes you vulnerable to cold.
   It affects your resistance to hostile enchantments.
   It lets you turn invisible.
 U - the +3 ring mail of the Maze {+Fly rF+ Regen+ Str+3}
   (You bought it in a shop on level 4 of the Dungeon)

   It affects your strength (+3).
   It protects you from fire.
   It lets you fly.
   It increases your rate of regeneration.
 W - a +2 cloak (worn)
Magical Staves
 t - an uncursed staff of power (weapon)
 O - an uncursed staff of cold
Jewellery
 b - an uncursed ring of fire
 f - the ring "Pihux" (left hand) {rElec rC+ rN+ MR- Str+5}
   (You found it in a labyrinth)

   [ring of strength]

   It affects your strength (+5).
   It protects you from cold.
   It insulates you from electricity.
   It protects you from negative energy.
   It affects your resistance to hostile enchantments.
 g - a +6 ring of dexterity
 L - a ring of protection from magic (right hand)
 N - an uncursed amulet of harm {unknown}
 P - an amulet of the gourmand (around neck)
Wands
 k - a wand of confusion (23/48)
 m - a wand of heal wounds (4/9)
 V - a wand of disintegration (10/24)
Scrolls
 h - 3 scrolls of fear
 j - 12 scrolls of teleportation
 o - a scroll of identify
 x - 2 scrolls of acquirement
 A - 10 scrolls of recharging {unknown}
 B - 3 scrolls of enchant weapon {unknown}
 D - 9 scrolls of remove curse
 J - 3 scrolls of blinking {unknown}
 M - a scroll of fog {unknown}
 S - 3 scrolls of enchant armour
 T - 3 scrolls of magic mapping
Potions
 a - a potion of berserk rage
 d - 2 potions of cancellation
 e - 6 potions of heal wounds
 i - 2 potions of flight
 n - a potion of magic {unknown}
 s - 11 potions of curing
 u - 3 potions of haste
 w - 2 potions of agility
 F - 3 potions of brilliance
 K - a potion of resistance
 Q - 3 potions of invisibility
 R - 3 potions of ambrosia
Books
 l - a book of Burglary

   Spells                             Type                      Level
   a - Swiftness                      Charms/Air                   2
   b - Passwall                       Transmutation/Earth          2
   c - Passage of Golubria            Translocation                4
   d - Lee's Rapid Deconstruction     Earth                        5
   e - Darkness                       Hexes                        6
   f - Invisibility                   Hexes                        6
 v - Sif Muna's Grimoire of Companions
   (You found it on level 3 of the Elven Halls)

   Spells                             Type                      Level
   a - Summon Butterflies             Summoning                    1
   b - Summon Small Mammal            Summoning                    1
   c - Summon Demon                   Summoning                    5
   d - Dragon's Call                  Summoning                    9
Comestibles
 c - 17 bread rations
 q - 2 chunks of flesh
 r - 3 fruits


   Skills:
 - Level 9.1(9.0) Armour
 - Level 4.8(4.7) Dodging
 - Level 4.7(4.6) Stealth
 - Level 4.0(3.9) Shields
 * Level 20.2(20.1) Spellcasting
 * Level 16.5(16.4) Conjurations
 - Level 14.1(14.0) Charms
 + Level 5.0(4.9) Summonings
 - Level 5.2(5.1) Translocations
 * Level 12.4(12.3) Fire Magic
 - Level 11.0(10.9) Ice Magic
 + Level 9.2(9.1) Air Magic
 + Level 7.0(6.9) Evocations


You had 5 spell levels left.
You knew the following spells:

 Your Spells              Type           Power        Failure   Level  Hunger
a - Magic Dart            Conj           ####         0%          1    None
b - Iskenderun's Battles  Conj/Chrm      #######.     1%          5    None
c - Iskenderun's Mystic   Conj           #######.     1%          4    None
d - Freezing Cloud        Conj/Ice/Air   #######...   1%          6    None
f - Fireball              Conj/Fire      #######...   1%          5    None
h - Deflect Missiles      Chrm/Air       #######...   2%          6    None
m - Bolt of Fire          Conj/Fire      #######...   1%          6    None
n - Bolt of Cold          Conj/Ice       #######...   1%          6    None
o - Orb of Destruction    Conj           #######...   1%          7    ###....
p - Blink                 Tloc           N/A          1%          2    None
s - Summon Lightning Spi  Summ/Air       ######..     1%          4    None


Dungeon Overview and Level Annotations

Branches:
Dungeon (15/15)            Temple (1/1) D:6            Lair (6/6) D:8
  Swamp (4/4) Lair:4       Spider (0/4) Lair:2        Slime (0/5) Lair:6
    Orc (2/2) D:10            Elf (3/3) Orc:2        Vaults (0/5) D:14
 Depths (0/5) D:15

Altars:
Cheibriados
Dithmenos
Elyvilon
Fedhas
Gozag
Hepliaklqana
Kikubaaqudgha
Makhleb
Nemelex Xobeh
Okawaru
Qazlal
Ru
Sif Muna
Uskayaw
Vehumet
Zin
The Shining One
Jiyva

Shops:
D:4 [   D:7 }   D:8 !   D:10 }   Orc:2 [*:(   Elf:1 =


Message History

A deep elf annihilator comes into view. It is wielding a long sword.
Casting: Bolt of Fire
Confirm with . or Enter, or press ? or * to list all spells.
Aiming: Summon Lightning Spire
Press: ? - help, Dir - move target cursor An electric hum fills the air.
You feel sick.
The deep elf sorcerer casts a spell at you.
The sphere of damnation explodes!
The damnation engulfs you!
Ouch! That really hurt!
* * * LOW HITPOINT WARNING * * *
The damnation engulfs your battlesphere.
Your battlesphere is destroyed!
You hear a shout! x11
A vampiric short sword comes into view.
Okay, then.
You feel sick.
The deep elf sorcerer gestures at you while chanting.
The sphere of damnation explodes!
The damnation engulfs you!
Ouch! That really hurt!
You die... ....###.# #.8.' ....##.# #.e.# ... #...#.## #eee#

...# #.....# #.8.#
...####.....# #)..##
....##......## #8...#
#........##..###.(..##
##..##..####..##.ยง...#
##.#..#.####..##@..#.##
#..#..#..##..###..##..##
....##......## #..#....###
.##....##.[## #.#.......#
####..####)## #..(...##...#
####..####..####............
.##....##.))........#.......
...........###..............
...........# #.#..#########


You could see 2 deep elf annihilators, a deep elf sorcerer, a deep elf high
priest, a vampiric short sword and a friendly lightning spire.

Vanquished Creatures
  the Lernaean hydra (Swamp:4)
  Nikola (Swamp:3)
  Frances (D:13)
  3 thorn hunters
  Kirke (D:13)
  2 orc warlords
  A stone giant (Orc:1)
  A deep elf demonologist (Elf:3)
  Nessos (Lair:4)
  Azrael (D:13)
  A deep elf annihilator (Elf:3)
  Snorg (D:13)
  A minotaur (Lab)
  5 deep elf death magi
  A fire dragon (D:15)
  An ogre mage (D:15)
  Harold (Lair:2)
  26 hydras
  The ghost of olma the Bludgeoner, a journeyman MiBe of Trog (D:11)
  2 vault guards (D:14)
  3 catoblepae (Lair:6)
  3 ghost crabs
  Erica (D:8)
  A tengu warrior (D:15)
  A centaur warrior (D:13)
  A death knight (D:11)
  9 alligators
  2 orc high priests
  29 dancing weapons
  17 death yaks
  Urug (Lair:4)
  Sonja (Orc:2)
  16 deep elf knights
  7 swamp dragons
  An unseen horror (D:15)
  A spriggan druid (Swamp:3)
  2 shambling mangroves
  7 orc knights
  A hill giant (D:15)
  9 deep elf archers
  2 wizards (D:14)
  64 deep elf magi
  2 necromancers (D:14)
  5 orc sorcerers
  An orb spider (Lair:2)
  8 ugly things
  4 cyclopes
  2 manticores
  7 elephants
  A naga mage (D:15)
  Joseph (D:8)
  Maurice (D:9)
  4 black mambas
  An eye of devastation (shapeshifter) (D:13)
  The ghost of lorenzova the Covert, a novice SpEn of Dithmenos (D:7)
  3 kobold demonologists
  19 spiny frogs
  3 rime drakes
  An efreet (D:14)
  7 komodo dragons
  A minotaur zombie (Lab)
  A tengu conjurer (D:15)
  3 trolls
  2 polar bears (Lair:4)
  3 meliai (Lair:5)
  A queen bee (Lair:5)
  12 slime creatures
  3 two-headed ogres
  8 tyrant leeches
  9 hornets
  23 blink frogs
  5 bog bodies
  2 meliai zombies
  5 dream sheep (Lair:6)
  8 hippogriffs
  2 air elementals
  A shadow (Swamp:3)
  5 water elementals
  5 wyverns
  2 vampires
  8 spriggans
  2 hogs (D:13)
  A wraith (D:10)
  18 humans (D:14)
  A basilisk (Lair:5)
  32 vampire mosquitoes
  41 yaks
  A steam dragon (D:7)
  6 fire elementals
  A hungry ghost (D:11)
  7 insubstantial wisps
  A mottled dragon (D:12)
  5 wargs
  16 swamp worms
  12 water moccasins
  7 porcupines
  A hell hound (D:13)
  5 ice beasts
  36 orc warriors
  4 sky beasts
  10 swamp drakes
  2 necrophages
  6 phantoms
  4 black bears
  20 ogres
  14 centaurs
  3 wolves (Lair:3)
  3 big kobolds
  13 crocodiles
  An elf zombie (Ossuary)
  An earth elemental (Elf:3)
  2 gnoll sergeants
  19 bullfrogs
  A wyvern zombie (D:12)
  7 scorpions
  A wyvern skeleton (D:11)
  25 killer bees
  An electric eel (Lair:4)
  9 wights
  7 howler monkeys
  9 crimson imps
  A bullfrog zombie (D:6)
  A quasit (D:12)
  A centaur zombie (D:5)
  8 hounds
  2 jellies
  5 bullfrog skeletons
  2 human zombies (Ossuary)
  17 orc priests
  17 orc wizards
  4 centaur skeletons
  3 iguanas
  7 worker ants
  A hound skeleton (D:6)
  3 mummies
  A howler monkey zombie (D:6)
  A worker ant zombie (D:9)
  Robin (D:2)
  12 gnolls
  13 adders
  A river rat (shapeshifter) (Elf:2)
  2 adder zombies (Ossuary)
  An adder skeleton (D:7)
  4 worms (D:2)
  3 dart slugs
  14 leopard geckos
  72 orcs
  9 bats
  9 giant cockroaches
  8 hobgoblins
  2 jackals (D:4)
  5 quokkas
  3 ball pythons
  24 frilled lizards
  17 goblins
  A goblin zombie (Ossuary)
  12 hobgoblin zombies
  A jackal zombie (Ossuary)
  13 kobolds
  15 kobold zombies
  4 orc zombies (Ossuary)
  A quokka skeleton (D:6)
  7 rats
  A rat zombie (Ossuary)
  4 crawling corpses (Elf:2)
  3 fungi
  2 plants (D:11)
1105 creatures vanquished.

Vanquished Creatures (collateral kills)
  An alligator (Swamp:4)
  2 swamp dragons (Swamp:4)
  A hornet (Swamp:4)
  A tyrant leech (Swamp:4)
  A human (D:14)
  A swamp drake (Swamp:4)
7 creatures vanquished.

Vanquished Creatures (others)
  A deep elf knight (Elf:3)
  A human (D:13)
  6 fungi
  6 plants (Lair:6)
14 creatures vanquished.

Grand Total: 1126 creatures vanquished

Notes
Turn   | Place    | Note
-------+----------+-------------------------------------------
     0 | D:1      | lorenzova the Deep Elf Conjurer began the quest for the Orb.
     0 | D:1      | Reached XP level 1. HP: 10/10 MP: 6/6
   161 | D:1      | Reached XP level 2. HP: 10/15 MP: 2/8
  1020 | D:1      | Reached skill level 5 in Conjurations
  1464 | D:2      | Reached XP level 3. HP: 19/19 MP: 6/10
  1495 | D:2      | Reached skill level 4 in Spellcasting
  1502 | D:2      | Noticed Robin
  2369 | D:2      | Reached XP level 4. HP: 24/24 MP: 8/12
  2375 | D:2      | Learned a level 4 spell: Iskenderun's Mystic Blast
  2526 | D:2      | Found a burning altar of Makhleb.
  2527 | D:2      | Found a white marble altar of Elyvilon.
  2529 | D:2      | Found an opulent altar of Gozag.
  2530 | D:2      | Found a blossoming altar of Fedhas.
  2675 | D:2      | Killed Robin
  2846 | D:2      | Found a sacrificial altar of Ru.
  2856 | D:2      | Reached skill level 5 in Spellcasting
  3799 | D:4      | Found a shadowy altar of Dithmenos.
  3801 | D:4      | Reached XP level 5. HP: 28/28 MP: 11/14
  4068 | D:4      | Found a glowing drain.
  4074 | Sewer    | Entered a sewer
  4271 | Sewer    | Reached skill level 6 in Spellcasting
  4449 | Sewer    | Reached XP level 6. HP: 30/32 MP: 11/17
  4456 | Sewer    | Learned a level 5 spell: Iskenderun's Battlesphere
  4758 | D:4      | Found Zuclijun's Antique Armour Shop.
  5217 | D:4      | Reached skill level 1 in Charms
  5558 | D:5      | Entered Level 5 of the Dungeon
  6158 | D:5      | Reached skill level 7 in Spellcasting
  6158 | D:5      | Reached XP level 7. HP: 34/36 MP: 11/19
  6493 | D:6      | Found a staircase to the Ecumenical Temple.
  6504 | Temple   | Entered the Ecumenical Temple
  6548 | Temple   | Became a worshipper of Vehumet
  6912 | D:6      | Found a sand-covered staircase.
  6950 | Ossuary  | Entered an ossuary
  7348 | Ossuary  | Reached * piety under Vehumet
  7348 | Ossuary  | Offered knowledge of Freeze by Vehumet.
  7744 | Ossuary  | Reached skill level 5 in Charms
  8169 | D:6      | Reached skill level 8 in Spellcasting
  8169 | D:6      | Reached XP level 8. HP: 11/41 MP: 8/22
  8786 | D:6      | Reached skill level 9 in Spellcasting
  9234 | D:7      | Found Juett's Gadget Emporium.
  9242 | D:7      | Found a sparkling altar of Nemelex Xobeh.
  9360 | D:7      | Reached ** piety under Vehumet
  9360 | D:7      | Offered knowledge of Sting by Vehumet.
  9513 | D:7      | Reached XP level 9. HP: 29/45 MP: 12/24
  9557 | D:7      | Reached skill level 10 in Spellcasting
  9832 | D:7      | Noticed lorenzova's ghost (novice SpEn)
 10211 | D:7      | Killed lorenzova's ghost
 10211 | D:7      | Reached skill level 11 in Spellcasting
 10215 | D:7      | Reached skill level 10 in Conjurations
 10549 | D:4      | Bought a pair of glowing boots for 220 gold pieces
 10555 | D:4      | Identified a +2 pair of boots of running (You bought it in a shop on level 4 of the Dungeon)
 10726 | D:8      | Found Huolie Ciova's Distillery.
 10738 | D:8      | Bought a potion of curing for 30 gold pieces
 10839 | D:8      | Reached skill level 10 in Charms
 11031 | D:8      | Offered knowledge of Ignite Poison by Vehumet.
 11136 | D:8      | You fall through a shaft for 3 floors!
 11229 | D:11     | Noticed a five-headed hydra
 11233 | D:11     | Killed a five-headed hydra
 11233 | D:11     | Reached XP level 10. HP: 50/50 MP: 17/27
 11310 | D:11     | Reached *** piety under Vehumet
 11326 | D:11     | Noticed olma's ghost (journeyman MiBe)
 11470 | D:11     | Killed olma's ghost
 11470 | D:11     | Reached skill level 12 in Spellcasting
 11952 | D:10     | Entered Level 10 of the Dungeon
 11960 | D:10     | Offered knowledge of Olgreb's Toxic Radiance by Vehumet.
 12259 | D:9      | Noticed Maurice
 12262 | D:9      | Killed Maurice
 12628 | D:8      | Noticed Joseph
 12634 | D:8      | Killed Joseph
 12825 | D:8      | Found a staircase to the Lair.
 12825 | D:8      | Noticed a death yak
 12825 | D:8      | Noticed an elephant
 12838 | D:8      | Noticed Erica
 12839 | D:8      | Killed an elephant
 12839 | D:8      | Reached skill level 13 in Spellcasting
 12842 | D:8      | Killed Erica
 12842 | D:8      | Reached XP level 11. HP: 54/54 MP: 0/30
 13119 | D:9      | Learned a level 5 spell: Fireball
 13128 | D:9      | Reached **** piety under Vehumet
 13134 | D:9      | Offered knowledge of Yara's Violent Unravelling by Vehumet.
 13720 | D:9      | Found a hazy altar of Hepliaklqana.
 14537 | D:10     | Reached skill level 1 in Fire Magic
 14580 | D:10     | Found a staircase to the Orcish Mines.
 14587 | D:10     | Reached skill level 14 in Spellcasting
 14709 | D:10     | Found Jywkorar's Quality Used Wands.
 15541 | D:11     | Got a sparkling bronze ring
 15550 | D:11     | Identified the ring "Utesyfieth" {Fire rN++} (You found it on level 11 of the Dungeon)
 15950 | D:11     | Noticed a death knight
 16136 | D:8      | Killed a death yak
 16215 | Lair:1   | Entered Level 1 of the Lair of Beasts
 16224 | Lair:1   | Reached ***** piety under Vehumet
 16224 | Lair:1   | Offered knowledge of Freezing Cloud by Vehumet.
 16228 | Lair:1   | Reached skill level 5 in Fire Magic
 16348 | Lair:1   | Reached XP level 12. HP: 59/59 MP: 25/32
 16431 | Lair:1   | Noticed a seven-headed hydra
 16435 | Lair:1   | Killed a seven-headed hydra
 17059 | D:4      | Bought a faintly humming ring mail for 189 gold pieces
 17070 | D:4      | Identified the +3 ring mail of the Maze {+Fly rF+ Regen+ Str+3} (You bought it in a shop on level 4 of the Dungeon)
 17347 | Lair:2   | Found a labyrinth entrance.
 17356 | Lab      | Entered a labyrinth
 17619 | Lab      | Noticed a minotaur
 17623 | Lab      | Killed a minotaur
 17623 | Lab      | Reached skill level 1 in Armour
 17627 | Lab      | Got a pitted tin ring
 17628 | Lab      | Got a heavily runed helmet
 17628 | Lab      | Got a smoking leather armour
 17640 | Lab      | Identified the +1 helmet "Xuetwun" {rPois Int+2 Dex+3} (You found it in a labyrinth)
 17657 | Lab      | Identified the +2 leather armour of Equov {+Inv rC- MR+++ Str-5} (You found it in a labyrinth)
 17657 | Lab      | Lost strength.
 17737 | Lab      | Identified a +2 rod of inaccuracy (14/14) (You found it in a labyrinth)
 17738 | Lab      | Identified the ring "Pihux" {rElec rC+ rN+ MR- Str+5} (You found it in a labyrinth)
 17795 | Lab      | Got a smoking chain mail
 17930 | Lair:2   | Found a hole to the Spider Nest.
 18095 | Lair:2   | Reached skill level 15 in Spellcasting
 18101 | Lair:2   | Noticed Harold
 18103 | Lair:2   | Killed Harold
 18618 | Lair:1   | Learned a level 2 spell: Repel Missiles
 18621 | Lair:1   | Learned a level 2 spell: Blink
 18628 | Lair:1   | Learned a level 6 spell: Freezing Cloud
 18705 | Lair:3   | Reached skill level 1 in Translocations
 18707 | Lair:3   | Reached skill level 1 in Air Magic
 19046 | Lair:3   | Reached skill level 1 in Ice Magic
 19538 | Lair:4   | Found a staircase to the Swamp.
 19804 | Lair:4   | Noticed Nessos
 19809 | Lair:4   | Killed Nessos
 19953 | Lair:4   | Reached XP level 13. HP: 63/63 MP: 34/34
 20195 | Lair:4   | Noticed Urug
 20201 | Lair:4   | Killed Urug
 21102 | Lair:5   | Reached skill level 5 in Armour
 22353 | Lair:6   | Entered Level 6 of the Lair of Beasts
 22465 | Lair:6   | Reached skill level 16 in Spellcasting
 22557 | Lair:6   | Reached skill level 5 in Translocations
 22782 | Lair:6   | Offered knowledge of Poison Arrow by Vehumet.
 23115 | Lair:6   | Reached XP level 14. HP: 68/68 MP: 32/36
 23121 | Lair:6   | Reached skill level 5 in Ice Magic
 23365 | Lair:6   | Found a viscous altar of Jiyva.
 23365 | Lair:6   | Found a staircase to the Slime Pits.
 24750 | Lair:6   | Reached skill level 5 in Air Magic
 25531 | Orc:1    | Entered Level 1 of the Orcish Mines
 25847 | Orc:1    | Noticed an orc warlord
 25850 | Orc:1    | Killed an orc warlord
 26575 | Orc:2    | Entered Level 2 of the Orcish Mines
 26575 | Orc:2    | Found a staircase to the Elven Halls.
 26648 | Orc:1    | Noticed a stone giant
 26935 | Orc:1    | Killed a stone giant
 26935 | Orc:1    | Reached skill level 1 in Shields
 27025 | Orc:2    | Noticed an orc warlord
 27475 | Orc:2    | Found Goklo's Antique Armour Emporium.
 27485 | Orc:2    | Bought a pair of jewelled gloves for 237 gold pieces
 27495 | Orc:2    | Identified the +2 pair of gloves of Royalty {*Slow rElec Regen+ rCorr Stlth+} (You bought it in a shop on level 2 of the Orcish Mines)
 27738 | Orc:2    | Noticed Sonja
 27740 | Orc:2    | Killed Sonja
 27741 | Orc:2    | Reached skill level 1 in Evocations
 27916 | Orc:2    | Killed an orc warlord
 28181 | Orc:2    | Found Urycviw's General Store.
 28217 | Orc:2    | Found Mucufoqa's Book Shop.
 28353 | Orc:2    | Offered knowledge of Bolt of Magma by Vehumet.
 28401 | Orc:2    | Found Qonte's Antique Weapon Emporium.
 28767 | Orc:1    | Reached XP level 15. HP: 72/72 MP: 37/37
 28914 | Elf:1    | Entered Level 1 of the Elven Halls
 30004 | Elf:1    | Found Archagam's Jewellery Shoppe.
 30175 | Elf:1    | Reached skill level 17 in Spellcasting
 30546 | Elf:2    | Reached skill level 15 in Conjurations
 31296 | Orc:2    | Bought a book of the Sky for 845 gold pieces
 31296 | Orc:2    | Bought a book of Fire for 845 gold pieces
 31305 | Orc:2    | Learned a level 6 spell: Bolt of Fire
 31312 | Orc:2    | Learned a level 6 spell: Deflect Missiles
 31317 | Orc:2    | Learned a level 4 spell: Summon Lightning Spire
 31554 | Swamp:1  | Entered Level 1 of the Swamp
 31723 | Swamp:1  | Learned a level 7 spell: Orb of Destruction
 31990 | Swamp:1  | Reached ****** piety under Vehumet
 32093 | Swamp:1  | Reached XP level 16. HP: 68/76 MP: 39/39
 32754 | Swamp:2  | Offered knowledge of Bolt of Cold by Vehumet.
 33130 | Swamp:2  | Noticed a thorn hunter
 33132 | Swamp:2  | Killed a thorn hunter
 33132 | Swamp:2  | Reached skill level 18 in Spellcasting
 34025 | Swamp:2  | Learned a level 6 spell: Bolt of Cold
 34638 | Swamp:3  | Noticed Nikola
 34644 | Swamp:3  | Killed Nikola
 34644 | Swamp:3  | Reached skill level 1 in Summonings
 35025 | Swamp:4  | Entered Level 4 of the Swamp
 35112 | Swamp:4  | Identified 2 scrolls of acquirement
 35131 | Swamp:4  | Noticed a thorn hunter
 35134 | Swamp:4  | Killed a thorn hunter
 35181 | Swamp:4  | Noticed a thorn hunter
 35186 | Swamp:4  | Killed a thorn hunter
 35190 | Swamp:4  | Reached skill level 19 in Spellcasting
 35433 | Swamp:4  | Offered knowledge of Poisonous Cloud by Vehumet.
 35848 | Swamp:4  | Reached skill level 10 in Fire Magic
 35918 | Swamp:4  | Reached skill level 5 in Evocations
 36180 | Swamp:4  | Noticed the 27-headed Lernaean hydra
 36183 | Swamp:4  | Killed the 27-headed Lernaean hydra
 36301 | Swamp:4  | Reached XP level 17. HP: 80/80 MP: 42/42
 36549 | Swamp:4  | Got a decaying rune of Zot
 37950 | D:12     | Offered knowledge of Ozocubu's Refrigeration by Vehumet.
 38716 | D:13     | Noticed Kirke
 38720 | D:13     | Killed Kirke
 38723 | D:13     | Noticed Azrael
 38752 | D:13     | Killed Azrael
 38752 | D:13     | Reached skill level 10 in Ice Magic
 39073 | D:13     | Noticed Snorg
 39111 | D:13     | Killed Snorg
 39232 | D:13     | Noticed Frances
 39700 | D:13     | Killed Frances
 40484 | D:14     | Offered knowledge of Conjure Ball Lightning by Vehumet.
 40732 | D:14     | Found a gate to the Vaults.
 41059 | D:15     | Entered Level 15 of the Dungeon
 41146 | D:15     | Found a frozen archway.
 41230 | D:15     | Found a sacrificial altar of Ru.
 41988 | D:15     | Found a staircase to the Depths.
 42868 | Elf:2    | Found a runed gate.
 42868 | Elf:2    | Found a runed gate.
 42871 | Elf:2    | Found a runed gate.
 43286 | Elf:2    | Reached XP level 18. HP: 85/85 MP: 43/43
 43321 | Elf:2    | Reached skill level 20 in Spellcasting
 43323 | Elf:2    | Offered knowledge of Lehudib's Crystal Spear by Vehumet.
 43323 | Elf:2    | Offered knowledge of Fire Storm by Vehumet.
 43323 | Elf:2    | Offered knowledge of Chain Lightning by Vehumet.
 43616 | Elf:3    | Entered Level 3 of the Elven Halls
 44349 | Elf:3    | Reached skill level 5 in Summonings
 44604 | Elf:3    | Identified Sif Muna's Grimoire of Companions
 44640 | Elf:3    | Killed from afar by a deep elf sorcerer

Skill      XL: |  1  2  3  4  5  6  7  8  9 10 11 12 13 14 15 16 17 18 |
---------------+-------------------------------------------------------+-----
Conjurations   | 5 6 7 8 9 10 11 12 13 14 15 16 | 16.5
Spellcasting   | 4 5 6 7 8 9 11 13 14 15 16 17 19 20 | 20.2
Charms         | 3 5 8 10 12 13 14 | 14.1
Fire Magic     | 5 6 7 9 10 12 | 12.4
Stealth        | 3 4 |  4.7
Dodging        | 3 4 |  4.8
Armour         | 4 6 8 9 |  9.1
Translocations | 2 5 |  5.2
Air Magic      | 2 4 5 7 8 9 |  9.2
Ice Magic      | 2 4 6 8 9 10 11 | 11.0
Shields        | 3 4 |  4.0
Evocations     | 2 4 5 6 7 |  7.0
Summonings     | 2 4 5 |  5.0

Action                   |  1- 3 |  4- 6 |  7- 9 | 10-12 | 13-15 | 16-18 || total
-------------------------+-------+-------+-------+-------+-------+-------++-------
Melee: Unarmed           |     5 |       |       |       |       |       ||     5
       Dagger            |       |    12 |     9 |     1 |       |       ||    22
       Staff             |       |       |       |       |     2 |     1 ||     3
 Cast: Magic Dart        |    93 |   182 |   279 |   296 |   408 |   482 ||  1740
       Iskenderun's Myst |       |     3 |    23 |    67 |   286 |   237 ||   616
       Iskenderun's Batt |       |       |    24 |    80 |   125 |   135 ||   364
       Fireball          |       |       |       |    21 |    47 |    11 ||    79
       Repel Missiles    |       |       |       |     1 |     1 |       ||     2
       Bolt of Fire      |       |       |       |       |     2 |    38 ||    40
       Summon Lightning  |       |       |       |       |       |    18 ||    18
       Bolt of Cold      |       |       |       |       |       |    21 ||    21
       Orb of Destructio |       |       |       |       |       |     2 ||     2
       Deflect Missiles  |       |       |       |       |       |     2 ||     2
       Freezing Cloud    |       |       |       |       |       |    14 ||    14
 Abil: Evoke Flight      |       |       |       |       |       |     4 ||     4
  Use: Scroll            |       |     8 |     6 |     4 |    10 |    11 ||    39
       Potion            |       |       |       |     1 |       |       ||     1
 Stab: Sleeping          |       |     1 |       |       |       |       ||     1
  Eat: Chunk             |     4 |    12 |     4 |    23 |    18 |    42 ||   103
       Meat ration       |       |       |     3 |       |       |       ||     3
       Beef jerky        |       |       |     1 |       |       |       ||     1
       Pizza             |       |       |       |     2 |     2 |       ||     4
       Bread ration      |       |       |       |     1 |     1 |       ||     2
       Fruit             |       |       |       |       |    13 |     3 ||    16
Armor: Robe              |     2 |    15 |    17 |     8 |       |       ||    42
       Ring mail         |       |       |       |     1 |    26 |    48 ||    75
       Leather armour    |       |       |       |       |    16 |    20 ||    36
Dodge: Dodged            |    15 |    25 |    54 |    37 |    59 |    76 ||   266
       Deflected         |       |       |       |     1 |    15 |    16 ||    32
Block: Buckler           |       |       |       |     2 |    30 |    42 ||    74
